 Dungeon Crawl Stone Soup version 0.29.1-13-g9f3cf754e1 (webtiles) character file.

Game seed: 6417305577166549758

2 zlionsfan the Trooper (level 1, 0/11 HPs)
             Began as a Vine Stalker Abyssal Knight on Jan 21, 2023.
             Was a Follower of Lugonu.
             Succumbed to a goblin's poison
             ... on level 1 of the Dungeon.
             The game lasted 00:00:19 (72 turns).

zlionsfan the Trooper (Vine Stalker Abyssal Knight)   Turns: 72, Time: 00:00:19

Health: 0/11       AC:  3    Str: 15    XL:     1   Next: 40%
Magic:  2/3        EV: 11    Int: 10    God:    Lugonu [*.....]
Gold:   12         SH:  0    Dex: 14    Spells: 0/0 levels left

rFire   . . .      SeeInvis .   a - +1 hand axe
rCold   . . .      Faith    .   (no shield)
rNeg    . . .      Spirit   +   b - +0 leather armour
rPois   .          Reflect  .   (no helmet)
rElec   .          Harm     .   (no cloak)
rCorr   .          Rampage  .   (no gloves)
Will    .....                   (no boots)
Stlth   +.........              (no amulet)
HPRegen 0.03/turn               (no ring)
MPRegen 0.08/turn               (no ring)

@: lethally poisoned (0 -> -3)
A: fangs 2, magic shield, antimagic bite, no potion heal 2
a: Renounce Religion, Depart the Abyss


You were on level 1 of the Dungeon.
You worshipped Lugonu.
Lugonu was aware of your devotion.
You visited 1 branch of the dungeon, and saw 1 of its levels.
You visited the Abyss 1 time.

You collected 12 gold pieces.

Inventory:

Hand Weapons
 a - a +1 hand axe (weapon)
 c - a +1 dagger of venom
Armour
 b - a +0 leather armour (worn)


   Skills:
 + Level 2.9 Fighting
 + Level 1.7 Axes
 + Level 1.5 Armour
 + Level 0.7 Dodging
 + Level 1.7 Invocations


You couldn't memorise any spells.
You didn't know any spells.
Your spell library was empty.

Dungeon Overview and Level Annotations

Branches:
Dungeon (1/15)

Altars:


Innate Abilities, Weirdness & Mutations

You have extremely sharp teeth.
When hurt, damage is shared between your health and your magic reserves.
Your bite disrupts and absorbs the magic of your enemies.
Potions cannot restore your health.


Message History

Lugonu says: Depart the Abyss and spread corruption, my servant! (use the ability menu to exit the Abyss) Press ? for a list of commands and other information.
Found a corrupted altar of Lugonu.
Found a gateway leading out of the Abyss.
Found a corrupted altar of Lugonu.
There is a corrupted altar of Lugonu here.
An efreet appears in a shower of sparks.
It is wielding a +1 scimitar of flaming.
You pass through the gate.
You can no longer bend space around yourself.
Found 7 stones and 12 gold pieces.
There is a staircase leading out of the dungeon here.
Magic restored.
You now have 12 gold pieces.
Found a stone staircase leading down.
A goblin comes into view. It is wielding a +1 dagger of venom.
The goblin shouts!
You hear a shout!
A goblin comes into view. It is wielding a +0 club.
You barely miss the goblin.
The goblin hits you with a +1 dagger of venom.
You are lethally poisoned!
You hit the goblin.
You kill the goblin!
Lugonu accepts your kill.
You feel very sick.
An endoplasm comes into view.
You feel sick.
You see here a +1 dagger of venom.
You barely miss the goblin.
* * * LOW HITPOINT WARNING * * *
You feel sick.
A giant cockroach comes into view.
The goblin closely misses you.
The endoplasm quivers.
You slash the goblin!
You kill the goblin!
Lugonu accepts your kill.
* * * LOW HITPOINT WARNING * * *
You feel sick.
c - a +1 dagger of venom You die...

..... ..... ####.....
#........ #..J.....
#....^. #...#
#############@..#.#
..............)..#.
##########.###.......#
#....#####...#.......B#
#.#####...##.#>........#
..###.....##.#..........
##(.......##.#..........
##.........###..........
##.....<...###.?.......


You could see an endoplasm and a giant cockroach.

Vanquished Creatures
  2 goblins (D:1)
2 creatures vanquished.

Notes
Turn   | Place    | Note
-------+----------+-------------------------------------------
     0 | Abyss:1  | zlionsfan the Vine Stalker Abyssal Knight began the quest
                  | for the Orb.
     0 | Abyss:1  | Reached XP level 1. HP: 11/11 MP: 3/3
    21 | Abyss:1  | Found a corrupted altar of Lugonu.
    37 | Abyss:1  | Found a corrupted altar of Lugonu.
    37 | Abyss:1  | Found a corrupted altar of Lugonu.
    37 | Abyss:1  | Noticed an efreet
    38 | D:1      | Escaped the Abyss
    72 | D:1      | Succumbed to a goblin's poison

Illustrated notes

Levels and vault maps discovered:
D:1:      spicycebolla_green_bress_n_ham, layout_basic,
          shapermc_ecumenical_altar_rom_forum

Action                   || total
-------------------------++-------
Melee: Hand axe          ||     4
Invok: Depart the Abyss  ||     1
Dodge: Dodged            ||     1
